 Dungeon Crawl Stone Soup version 0.20.1-1-g8b1a95d (webtiles) character file.

579 equalderp2856 the Chopper (level 7, -4/54 HPs)
             Began as a Mummy Fighter on Oct 23, 2017.
             Killed by divine providence
             ... invoked by an orc priest
              (15 damage)
             ... on level 4 of the Dungeon.
             The game lasted 00:06:03 (3734 turns).

equalderp2856 the Chopper (Mummy Fighter)           Turns: 3734, Time: 00:06:04

Health: -4/54      AC: 10    Str: 20    XL:     7   Next: 13%
Magic:  7/7        EV:  8    Int:  9    God:
Gold:   193        SH:  9    Dex: 11    Spells: 6/6 levels left

rFire    x . .     SeeInvis .   a - +0 war axe
rCold    + . .     Gourm    .   c - +0 shield
rNeg     + + +     Faith    .   b - +0 scale mail
rPois    ∞         Spirit   .   (no helmet)
rElec    .         Reflect  .   (no cloak)
rCorr    .         Harm     .   h - +2 pair of gloves
MR       +....                  (no boots)
Stlth    ..........             (no amulet)
Regen    0.2/turn               k - ring of protection from magic
MPRegen  0.1/turn               (no ring)

@: no status effects
A: no food or potions, fire vulnerability, cold resistance 1, negative energy
resistance 3, torment resistance, unbreathing
a: no special abilities


You were on level 4 of the Dungeon.
You were not hungry.

You visited 1 branch of the dungeon, and saw 5 of its levels.

You collected 193 gold pieces.

Inventory:

Hand Weapons
 a - a +0 war axe (weapon)
Armour
 b - a +0 scale mail (worn)
 c - a +0 shield (worn)
 h - a +2 pair of gloves (worn)
Jewellery
 k - a ring of protection from magic (left hand)
Wands
 n - a wand of random effects (18/48)
 p - a wand of iceblast (1/15)
Scrolls
 d - 2 scrolls of immolation {unknown}
 e - a scroll of enchant armour {unknown}
 f - a scroll of magic mapping {unknown}
 g - a scroll of fear {unknown}
 i - a scroll of noise {unknown}
 j - 3 scrolls of identify {unknown}
 l - 3 scrolls of teleportation {unknown}
 m - 2 scrolls of amnesia {unknown}
 o - a scroll of enchant weapon {unknown}


   Skills:
 + Level 4.1 Fighting
 + Level 4.2 Axes
 + Level 3.9 Armour
 + Level 1.6 Dodging
 + Level 0.1 Stealth
 + Level 3.2 Shields


You had 6 spell levels left.
You didn't know any spells.

Dungeon Overview and Level Annotations

Branches:
Dungeon (5/15)
 Temple: D:4-7

Altars:
The Shining One


Innate Abilities, Weirdness & Mutations

You do not eat or drink.
Your flesh is vulnerable to fire.
You are immune to poison.
Your flesh is cold resistant. (rC+)
You are immune to negative energy. (rN+++)
You are immune to unholy pain and torment.
You can survive without breathing.


Message History

The ice beast closely misses you.
You closely miss the orc priest.
The orc priest is severely wounded.
You barely miss the ice beast. The orc priest completely misses you.
You block the ice beast's attack. You block the orc priest's attack.
Unknown command.
The orc priest mumbles some strange prayers to Beogh against you.
Beogh smites you!
The orc priest looks encouraged for a moment.
The orc priest mumbles some strange prayers to Beogh against you.
Beogh smites you!
The orc priest looks encouraged for a moment.
The orc priest invokes the aid of Beogh against you.
Beogh smites you!
* * * LOW HITPOINT WARNING * * *
You see here 6 large rocks.
You block the ice beast's attack.
The orc priest calls down the wrath of Beogh upon you.
Beogh smites you!
You die...

.....##.##.....####.............#
.....#..##.......#...............
.......####.#.)#.........>.......
........###...###................
#.....#..........#...............
#####........###.................
#####...##### ##................
##.....#.o.######.#.............#
.#.#######....Y.@..#.....#.....##
...# ########...############
...## ##..# .#..# #..# ###.##
#### .....# .##### ##


You could see an ice beast and an orc priest.

Vanquished Creatures
  Menkaure (D:4)
  An orc wizard (D:3)
  A centaur skeleton (D:4)
  A hound (D:3)
  An orc priest (D:3)
  Ijyb (D:3)
  Natasha (thrice) (D:3)
  An iguana (D:4)
  2 worker ants (D:3)
  7 adders
  3 oozes
  4 leopard geckos
  6 orcs
  2 ball pythons
  7 giant cockroaches
  9 goblins
  6 hobgoblins
  7 jackals
  9 kobolds
  A quokka (D:3)
  8 bats
  9 frilled lizards
  5 rats
95 creatures vanquished.

Notes
Turn   | Place    | Note
-------+----------+-------------------------------------------
     0 | D:1      | equalderp2856 the Mummy Fighter began the quest for the Orb.
     0 | D:1      | Reached XP level 1. HP: 18/18 MP: 1/1
    56 | D:1      | Reached XP level 2. HP: 10/24 MP: 2/2
   512 | D:1      | Reached XP level 3. HP: 29/29 MP: 3/3
   769 | D:2      | Reached XP level 4. HP: 32/35 MP: 4/4
  1172 | D:3      | Noticed Natasha
  1192 | D:3      | Killed Natasha
  1192 | D:3      | Reached skill level 1 in Dodging
  1459 | D:3      | Found a glowing golden altar of the Shining One.
  1484 | D:3      | Noticed Natasha
  1499 | D:3      | Killed Natasha
  1499 | D:3      | Reached XP level 5. HP: 19/41 MP: 5/5
  1553 | D:3      | Noticed Natasha
  1570 | D:3      | Killed Natasha
  1957 | D:3      | Noticed Ijyb
  2343 | D:3      | Reached XP level 6. HP: 35/48 MP: 6/6
  2776 | D:4      | Noticed Menkaure
  2781 | D:4      | Killed Menkaure
  2901 | D:5      | Entered Level 5 of the Dungeon
  2901 | D:5      | Noticed an ice beast
  3296 | D:3      | Killed Ijyb
  3296 | D:3      | Reached XP level 7. HP: 43/54 MP: 7/7
  3734 | D:4      | Killed from afar by an orc priest

Skill      XL: |  1  2  3  4  5  6 |
---------------+-------------------+-----
Axes           | 2 3 4 |  4.2
Armour         | 3 |  3.9
Dodging        | 1 |  1.6
Shields        | 3 |  3.2
Fighting       | 4 |  4.1
Stealth        | |  0.1

Action                   |  1- 3 |  4- 6 |  7- 9 || total
-------------------------+-------+-------+-------++-------
Melee: War axe           |   109 |   197 |    39 ||   345
Evoke: Wand              |       |     2 |       ||     2
Armor: Scale mail        |    49 |   124 |    31 ||   204
Dodge: Dodged            |    36 |    69 |    27 ||   132
Block: Shield            |    60 |   116 |    22 ||   198
